 Dungeon Crawl Stone Soup version 0.31.0-11-ge490571c62 (webtiles) character file.

Game seed: 12747091398530854939

88 Arctor the Firebug (level 4, -1/24 HPs)
             Began as a Deep Elf Fire Elementalist on Feb 3, 2024.
             Incinerated by a bombardier beetle (5 damage)
             ... with a burning spray
             ... on level 3 of the Dungeon.
             The game lasted 00:01:18 (2693 turns).

Arctor the Firebug (Deep Elf Fire Elementalist)     Turns: 2693, Time: 00:01:20

Health: -1/24      AC:  2    Str:  5    XL:     4   Next: 29%
Magic:  6/11       EV: 13    Int: 22    God:
Gold:   111        SH:  0    Dex: 15    Spells: 7/10 levels left

rFire   . . .        (no weapon)
rCold   . . .        (no shield)
rNeg    . . .        a - +0 robe
rPois   .            (no helmet)
rElec   .            (no cloak)
rCorr   .            (no gloves)
SInv    .            (no boots)
Will    .....        (no amulet)
Stlth   +            (no ring)
HPRegen 0.24/turn    (no ring)
MPRegen 0.12/turn

%: no passive effects
@: on fire, glowing
A: no striking features
a: no special abilities


You were on level 3 of the Dungeon.
You visited 1 branch of the dungeon, and saw 3 of its levels.

You collected 111 gold pieces.

Inventory:

Armour
 a - a +0 robe (worn)
Scrolls
 d - a scroll of butterflies {unknown}
 e - a scroll of fog {unknown}
 f - a scroll of identify {unknown}
 i - a scroll of teleportation {unknown}
Potions
 b - a potion of magic
 c - a potion of lignification {unknown}
 g - a potion of brilliance {unknown}
 h - a potion of invisibility {unknown}


   Skills:
 + Level 3.2 Dodging
 + Level 3.4 Stealth
 + Level 3.8 Spellcasting
 + Level 2.2 Conjurations
 + Level 3.8 Fire Magic


You had 7 spell levels left.
You knew the following spells:

 Your Spells              Type           Power      Damage    Failure   Level
a - Foxfire               Conj/Fire      68%        2x1d7     3%          1
b - Scorch                Fire           42%        2d6       3%          2

Your spell library contained the following spells:

 Spells                   Type           Power      Damage    Failure   Level
 Inner Flame              Hex/Fire       12%        N/A       16%         3
 Volatile Blastmotes      Fire/Tloc      24%        2d12      16%         3
 Flame Wave               Conj/Fire      17%        2d7       32%         4


Dungeon Overview and Level Annotations

Branches:
Dungeon (3/15)

Altars:
The Shining One


Message History

A bombardier beetle is nearby!
You conjure some foxfire!
You conjure some foxfire!
The foxfire hits the bombardier beetle.
The bombardier beetle is moderately wounded.
The foxfire hits the bombardier beetle.
The bombardier beetle is heavily wounded.
The bombardier beetle sprays incendiary fluid at you.
The burning spray hits you.
You are covered in liquid fire!
You conjure some foxfire!
The liquid fire burns you!
The foxfire hits the bombardier beetle but does no damage.
The bombardier beetle is heavily wounded.
The foxfire hits the bombardier beetle.
The bombardier beetle is heavily wounded.
You are on fire!
You conjure some foxfire!
The liquid fire burns you!
The foxfire hits the bombardier beetle but does no damage.
The bombardier beetle is heavily wounded.
The bombardier beetle sprays incendiary fluid at you.
The burning spray misses you.
Unknown command.
You are too injured to fight recklessly!
You are on fire!
You are too injured to fight recklessly!
Unknown command.
You are too injured to fight recklessly!
The liquid fire burns you!
* * * LOW HITPOINT WARNING * * *
The foxfire hits the bombardier beetle.
The bombardier beetle is almost dead.
The foxfire hits the bombardier beetle.
You kill the bombardier beetle!
You have reached level 4!
You feel clever.
Okay, then.
You shake off some of the fire as you move.
The liquid fire burns you!
You die...

#########
#.......#
#.#.....# .
#.#.....# ..
#.#.....# ...
#.#.....##v...
#.##.....§....
#.##..@.§.....
###.###..§§..###
#...# #.§§...#
#.### #.:.......
#.# #.....###.
#.# ####### #.#
#.# ### #.###
#<#


There were no monsters in sight!

Vanquished Creatures
  A bombardier beetle (D:3)
  A gnoll (D:1)
  An adder (D:2)
  3 dart slugs (D:1)
  2 ribbon worms (D:2)
  7 goblins
  2 hobgoblins
  A quokka (D:1)
  3 ball pythons
  2 frilled lizards (D:2)
  3 kobolds (D:1)
  6 rats
32 creatures vanquished.

Vanquished Creatures (others)
  222 foxfires
222 creatures vanquished.

Grand Total: 254 creatures vanquished

Notes
Turn   | Place    | Note
-------+----------+-------------------------------------------
     0 | D:1      | Arctor the Deep Elf Fire Elementalist began the quest for
                  | the Orb.
     0 | D:1      | Reached XP level 1. HP: 10/10 MP: 6/6
   344 | D:1      | Reached XP level 2. HP: 15/15 MP: 4/8
   385 | D:1      | Learned a level 2 spell: Scorch
   911 | D:1      | Reached XP level 3. HP: 19/19 MP: 3/9
  1540 | D:2      | Found a glowing golden altar of the Shining One.
  2693 | D:3      | Reached XP level 4. HP: 4/24 MP: 6/11
  2693 | D:3      | Incinerated by a bombardier beetle

Illustrated notes

Levels and vault maps discovered:
D:1:      minmay_arrival_widening_spiral_narrow, layout_loops_ring
D:2:      layout_basic, basic_altar, amcnicky_mini_pool_small,
          roderic_three_in_a_row
D:3:      layout_basic

Skill      XL: |  1  2  3 |
---------------+----------+-----
Stealth        | 3 |  3.4
Dodging        | 3 |  3.2
Conjurations   | 2 |  2.2
Spellcasting   | |  3.8
Fire Magic     | |  3.8

Action                     |  1- 3 |  4- 6 || total
---------------------------+-------+-------++-------
   Cast: Foxfire           |   152 |       ||   152
  Dodge: Dodged            |     5 |       ||     5
